Map: Para Site LE

Players

Zanster

  • Race: Zerg Zerg
  • League: Master
  • Spawn Location: 5:00

Kelazhur - Winner!

  • Race: Terran Terran
  • League: Master
  • Spawn Location: 11:00

Event: HomeStory Cup XVIII

VOD

Have the link to the VOD?

Description

Time

  • Played on: Nov. 22, 2018, 4:47 p.m.
  • Length: 5:56

All games in this series

Show
View Real Time Build Order
Export as new Build Order

Zanster Zerg 

Build Orders: Hatch First 

Get SALT Encoding   

  12  0:00  Drone  
  13  0:12  Overlord  
  13  0:16  Drone  
  14  0:30  Drone x2  
  14  0:34  Drone  
  17  0:52  Hatchery  
  17  0:53  Drone  
  17  0:57  Drone  
  18  1:08  Extractor  
  17  1:12  Spawning Pool  
  17  1:15  Drone  
  17  1:18  Drone  
  18  1:28  Drone  
  19  1:39  Drone  
  20  1:53  Overlord  
  20  2:00  Zergling x2  
  21  2:03  Queen  
  21  2:05  Queen  
  21  2:06  Zergling x2  
  21  2:08  Metabolic Boost  
  26  2:15  Zergling x4  
  27  2:30  Drone  
  27  2:31  Drone  
  27  2:34  Drone  
  29  2:39  Queen  
  29  2:40  Queen  
  33  2:45  Overlord  
  33  2:52  Zergling x2  
  33  2:53  Zergling x2  
  33  2:56  Overlord  
  34  3:13  Drone  
  34  3:14  Drone x4  
  39  3:20  Drone  
  39  3:21  Drone x2  
  39  3:23  Drone  
  43  3:27  Drone  
  43  3:30  Drone  
  43  3:32  Drone  
  46  3:41  Drone  
  47  3:46  Drone x2  
  49  3:51  Drone  
  49  3:52  Drone  
  49  3:54  Overlord  
  51  4:00  Hatchery  
  51  4:02  Drone  
  51  4:11  Overlord  
  51  4:15  Lair  
  51  4:18  Extractor  
  51  4:19  Extractor  
  51  4:20  Drone x2, Evolution Chamber  
  51  4:22  Overlord, Evolution Chamber  
  49  4:27  Drone x2  
  51  4:35  Overlord  
  51  4:42  Drone x3  
  51  4:43  Drone x2  
  51  4:45  Drone  
  57  4:50  Overlord  
  57  5:00  Zergling x6  
  57  5:01  Extractor  
  57  5:03  Zergling x4  
  57  5:05  Overlord  
  61  5:10  Drone  
  61  5:11  Baneling Nest  
  62  5:14  Zergling x6  
  58  5:30  Zergling x6  
  53  5:36  Zergling x10  
  53  5:37  Zergling x4  
Show
View Real Time Build Order
Export as new Build Order

Kelazhur Terran - Winner!

Build Orders: Liberator Opening 

Get SALT Encoding   

  12  0:00  SCV  
  13  0:13  SCV  
  14  0:17  Supply Depot  
  14  0:25  SCV  
  15  0:39  SCV  
  15  0:40  Barracks  
  16  0:45  Refinery  
  16  0:51  SCV  
  16  0:55  Refinery  
  17  1:03  SCV  
  18  1:15  SCV  
  19  1:26  Reaper  
  19  1:27  Orbital Command  
  20  1:35  Bunker  
  20  1:43  Factory  
  20  1:50  Supply Depot  
  20  1:54  SCV  
  20  1:58  Reaper  
  22  2:06  SCV  
  23  2:18  SCV  
  24  2:27  Factory Reactor  
  24  2:32  SCV  
  24  2:34  Marine  
  26  2:38  Command Center  
  26  2:45  SCV  
  26  2:50  Starport  
  27  2:57  Supply Depot  
  27  3:05  Hellion x2  
  31  3:19  SCV  
  32  3:29  Viking, Hellion x2  
  32  3:32  SCV  
  38  3:42  Liberator  
  38  3:46  SCV  
  39  3:52  Hellion x2  
  39  3:54  Orbital Command  
  43  3:58  SCV  
  47  4:10  SCV  
  47  4:11  Supply Depot  
  47  4:15  Armory  
  48  4:20  SCV  
  48  4:21  Hellion x2  
  48  4:22  SCV  
  54  4:32  SCV  
  54  4:34  Supply Depot, SCV  
  56  4:38  Liberator  
  56  4:43  Hellion x2  
  56  4:44  SCV  
  61  4:46  SCV  
  62  4:57  Supply Depot  
  62  4:58  SCV x2  
  67  5:10  SCV x2  
  69  5:14  Command Center  
  69  5:19  Hellion x2  
  73  5:26  SCV x2  
  75  5:34  Engineering Bay  
  75  5:35  Engineering Bay  
  73  5:38  SCV  
  73  5:40  SCV  
  73  5:54  Barracks Tech Lab  
Tags
 
Add a new tag
Caveats
  • Supply blocks, unpowered buildings, or Contaminate may cause inaccurate times.
  • Supply counts are checked every 10 seconds.